AoeStats
← Shawn96

Arena

509425861Analyzed
4v4 RM · 6d ago on Sep 26, 2026· 23m 27s· 8 players
Game mode
Random Map
Map size
Large (8 player)
Population
200
Speed
Normal
Resources
Standard
Victory
Conquest
Starting age
Dark Age
Ending age
Imperial Age
RankedLock teamsTeams togetherTeam positionsShared explorationLock speedFull tech treeHidden civsTurbo modeCheats
Victory
Defeat
🇨🇦 Cumans · Canada
1274
+14
🇬🇧 Poles · United Kingdom
1232
+16
🇺🇸 Spanish · United States
1196
+17
🇺🇸 Varangians · United States
1195
+17
1266
-18
🇵🇱 Ethiopians · Poland
1256
-17
🇷🇴 Khitans · Romania
1197
-15
🇩🇪 Hindustanis · Germany
1182
-14
Calum1Ltv
10:22 Feudal Age
11:52 Double-Bit Axe
14:34 Castle Age
12:34 Horse Collar
15:30 Bow Saw
17:44 Loom
21:42 Wheelbarrow
Shawn96
8:27 Feudal Age
9:04 Double-Bit Axe
10:56 Horse Collar
15:11 Wheelbarrow
19:50 Castle Age
18:33 Scale Barding Armor
18:38 Forging
18:48 Bloodlines
18:32 Gold Mining
21:08 Chain Barding Armor
22:14 Bow Saw
21:57 Town Watch
22:06 Loom
22:37 Hand Cart
23:04 Gold Shaft Mining
22:37 Heavy Plow
24:18 Iron Casting
Bostonstrain
11:17 Feudal Age
12:02 Loom
15:43 Castle Age
14:08 Double-Bit Axe
14:40 Stone Mining
15:02 Horse Collar
17:43 Wheelbarrow
20:19 Gold Mining
23:41 Bloodlines
onesecimpoopin
10:28 Feudal Age
14:56 Castle Age
14:00 Double-Bit Axe
15:48 Wheelbarrow
16:08 Bow Saw
16:21 Town Watch
16:23 Horse Collar
17:40 Heavy Plow
17:56 Gold Mining
21:35 Padded Archer Armor
23:06 Leather Archer Armor
23:09 Fletching
Luis
10:27 Feudal Age
8:42 Loom
16:09 Castle Age
14:26 Double-Bit Axe
14:45 Horse Collar
22:51 Scale Barding Armor
᲼
11:33 Feudal Age
12:34 Loom
15:49 Castle Age
13:50 Domestication
16:02 Double-Bit Axe
17:26 Bow Saw
17:48 Pastoralism
24:12 Imperial Age
21:51 Gold Mining
22:22 Scale Mail Armor
22:33 Forging
23:55 Chain Mail Armor
L_Clan_WaRRioR
10:57 Feudal Age
14:55 Castle Age
13:11 Double-Bit Axe
13:32 Horse Collar
16:08 Bow Saw
17:46 Heavy Plow
20:59 Wheelbarrow
20:11 Loom
22:15 Gold Mining
Сергей Петрович
10:02 Feudal Age
13:52 Castle Age
12:59 Double-Bit Axe
21:23 Wheelbarrow
21:11 Bow Saw
21:00 Gold Mining
22:47 Stone Mining
Connection lost

Rejoining the realm…

Still unreachable

The connection could not be restored.

Session expired

The server has moved on; the page needs a fresh start.